 Dungeon Crawl Stone Soup version 0.30.1-4-g462c640d31 (webtiles) character file.

Game seed: 10383899890454805805

119 cheesebisquit the Poker (level 5, 0/61 HPs)
             Began as a Barachi Monk on Sept 4, 2023.
             Succumbed to a gnoll's poison
             ... on level 3 of the Dungeon.
             The game lasted 00:09:17 (2279 turns).

cheesebisquit the Poker (Barachi Monk)              Turns: 2279, Time: 00:09:17

Health: 0/61       AC: 22    Str: 11 (13) XL:     5   Next: 3%
Magic:  5/5        EV:  2    Int: 11 (12) God:
Gold:   63         SH:  0    Dex: 11 (14) Spells: 4/4 levels left

rFire   . . .        a - +0 spear
rCold   . . .        d - orb {light}
rNeg    + . .        b - melded +0 robe
rPois   +            r - melded +0 helmet
rElec   .            g - melded +0 cloak
rCorr   .            p - melded +0 pair of gloves
SInv    .            m - melded +1 pair of boots
Will    .....        (no amulet)
Stlth   +            q - ring of positive energy
HPRegen 0.30/turn    (no ring)
MPRegen 0.09/turn

%: no passive effects
@: lethally poisoned (0 -> -14), tree-form, glowing
A: stationary, stasis, torment immunity, boosted hp, (amphibious), (slowness 1),
(strong legs 1), +LOS
a: no special abilities


You were on level 3 of the Dungeon.
You were a tree.
You visited 1 branch of the dungeon, and saw 3 of its levels.

You collected 138 gold pieces.
You spent 75 gold pieces at shops.

Inventory:

Hand Weapons
 a - a +0 spear (weapon)
 s - a +0 halberd
Armour
 b - a +0 robe (melded)
 d - an orb of light (worn)
 g - a +0 cloak (melded)
 m - a +1 pair of boots (melded)
 p - a +0 pair of gloves (melded)
 r - a +0 helmet (melded)
Jewellery
 q - a ring of positive energy (left branch)
Scrolls
 e - 3 scrolls of enchant weapon {unknown}
 f - a scroll of blinking {unknown}
 h - 2 scrolls of noise {unknown}
 j - a scroll of enchant armour {unknown}
 k - 4 scrolls of identify {unknown}
 o - 3 scrolls of teleportation
Potions
 l - a potion of lignification
 n - a potion of flight


   Skills:
 - Level 3.6 Fighting
 + Level 5.5 Polearms
 - Level 3.2 Dodging


You had 4 spell levels left.
You didn't know any spells.
Your spell library contained the following spells:

 Spells                   Type           Power      Damage    Failure   Level
 Magic Dart               Conj           0%         1d3       34%         1
 Sandblast                Erth           0%         2d4       34%         1
 Passwall                 Tmut/Erth      0%         N/A       47%         2
 Searing Ray              Conj           0%         2d4       47%         2
 Stone Arrow              Conj/Erth      0%         3d7       71%         3
 Fulminant Prism          Conj/Hex       0%         3d5       98%         4


Dungeon Overview and Level Annotations

Branches:
Dungeon (3/15)

Altars:
Wu Jian

Shops:
D:1 *


Innate Abilities, Weirdness & Mutations

You are a tree.
Your roots penetrate the ground, keeping you stationary.
You cannot be teleported.
You are immune to unholy pain and torment.
Your maximum health is greatly increased.
Your equipment is partially melded.
((You are amphibious.))
((You cover ground slowly.))
((You can hop short distances.))
You have an extended range of vision and can be seen from far away.


Message History

Press: ? - help, Dir - move target, f/p - gnoll
Aim: a gnoll, wielding a +0 spear and quivering poisoned darts (heavily wounded, haloed, about 35% to evade your +0 spear)
You reach to attack!
You closely miss the gnoll.
The gnoll is heavily wounded.
* * * LOW HITPOINT WARNING * * *
You feel very sick.
The gnoll throws a poisoned dart.
The poisoned dart hits you!
You are more poisoned.
You attack the rock wall.
* * * LOW HITPOINT WARNING * * *
You feel very sick.
The gnoll throws a poisoned dart.
The poisoned dart hits you!
You are more poisoned.
Confused reach: a) +0 spear
Press: ? - help, Dir - move target, f - gnoll
Aim: a gnoll, wielding a +0 spear and quivering poisoned darts (heavily wounded, haloed, about 35% to evade your +0 spear)
You reach to attack!
You closely miss the gnoll.
The gnoll is heavily wounded.
* * * LOW HITPOINT WARNING * * *
You feel very sick.
The gnoll throws a poisoned dart.
The poisoned dart hits you!
Confused reach: a) +0 spear
Press: ? - help, Dir - move target, f/p - gnoll
Aim: a gnoll, wielding a +0 spear and quivering poisoned darts (heavily wounded, haloed, about 35% to evade your +0 spear)
You reach to attack!
You hit the gnoll.
The gnoll is almost dead.
* * * LOW HITPOINT WARNING * * *
You feel very sick. The gnoll hits you but does no damage.
You attack the rock wall.
You feel less invigorated.
You feel less confused.
* * * LOW HITPOINT WARNING * * *
You feel very sick.
Okay, then.
Reach: a) +0 spear
Press: ? - help, Dir - move target, f - gnoll
Aim: a gnoll, wielding a +0 spear and quivering poisoned darts (almost dead, haloed, about 17% to evade your +0 spear)
You reach to attack!
You barely miss the gnoll.
The gnoll is almost dead.
You die...

...).############. #g ..
####..########## #.. .
##...)......# ##..g .
##.........# ...... . ##
#.........# #......######
# .## #.........#
#.......g)..# # ..#
#.....[...#####.....####.#
# ..# #...........# #....
#.### ..# #[........#♣#
#... #....
.###...........#†# ###
#.... .# #...........#g.
#gg.. .# #.....########.#
#..†† ## #.....# .. #.<..
#.....# ... ##.## #.....#
... #.## #... ....
#####... ..... #.......


You could see a gnoll.

Vanquished Creatures
  2 gnolls (D:3)
  5 adders
  4 dart slugs
  4 orcs (D:3)
  3 ball pythons
  7 endoplasms
  A giant cockroach (D:1)
  5 hobgoblins
  2 quokkas
  3 bats (D:3)
  A frilled lizard (D:2)
  4 goblins
  2 kobolds (D:1)
  A rat (D:3)
44 creatures vanquished.

Notes
Turn   | Place    | Note
-------+----------+-------------------------------------------
     0 | D:1      | cheesebisquit the Barachi Monk began the quest for the Orb.
     0 | D:1      | Reached XP level 1. HP: 18/18 MP: 1/1
   144 | D:1      | Reached XP level 2. HP: 22/24 MP: 2/2
   427 | D:1      | Found Dariemah's General Store.
   633 | D:1      | Reached skill level 4 in Polearms
   805 | D:2      | Reached XP level 3. HP: 29/29 MP: 3/3
  1365 | D:1      | Bought a +0 helmet for 45 gold pieces
  1500 | D:2      | Identified the +0 leather armour of Xeotatt {Rampage}
  1554 | D:2      | Reached XP level 4. HP: 32/36 MP: 4/4
  1813 | D:1      | Bought a scroll of teleportation for 30 gold pieces
  1864 | D:3      | Reached skill level 5 in Polearms
  2134 | D:3      | Found a faded altar of an unknown god.
  2155 | D:3      | Found an ornate altar of the Wu Jian Council.
  2241 | D:3      | Identified the +0 ring mail of Lalom {Will- Int+4}
  2266 | D:3      | Reached XP level 5. HP: 21/41 MP: 5/5
  2277 | D:3      | HP: 2/61 [poisoned by a gnoll]
  2279 | D:3      | Succumbed to a gnoll's poison

Illustrated notes

Levels and vault maps discovered:
D:1:      spicycebolla_green_bress_n_ham, layout_basic, serial_forest,
          infiniplex_forest_straight_2, infiniplex_forest_straight_2,
          infiniplex_forest_clump_medium, infiniplex_forest_clump_curved,
          infiniplex_forest_lined_corner, serial_shops, nicolae_shop_peninsula
D:2:      layout_basic, minmay_pentomino_o2
D:3:      layout_basic, lemuel_tele_altar, ebering_ecumenical_altar_abandoned,
          minmay_distorted

Skill      XL: |  1  2  3  4 |
---------------+-------------+-----
Polearms       | 4 5 |  5.5
Fighting       | |  3.6
Dodging        | |  3.2

Action                     |  1- 3 |  4- 6 || total
---------------------------+-------+-------++-------
  Melee: Spear             |    97 |    85 ||   182
    Use: Potion            |       |     4 ||     4
 Armour: Robe              |    16 |    11 ||    27
         Skin              |       |     1 ||     1
  Dodge: Dodged            |    24 |    34 ||    58
